NCAA
MISSOURI TIGERS @ TENNESSEE VOLUNTEERS
05/15/2029
 
TOP OF THE 1ST
Missouri Tigers batting - Pitching for Tennessee Volunteers : RHP Daniel Knight
Pitching: RHP Daniel Knight
Batting: LHB Julián Echevarría 0-0: Fly out, F8 (Line Drive, 78D)
Batting: RHB Harry Edwards 0-0: Called Strike
0-1: Foul Ball, location: 2F
0-2: Ground out 3-1 (Groundball, 34)
Batting: RHB Harvey Willis 0-0: Called Strike
0-1: DOUBLE (Line Drive, 3D)
Batting: SHB Brian Fish 0-0: Fly out, F3 (Popup, 3SF)
Top of the 1st over - 0 runs, 1 hit, 0 errors, 1 left on base; Missouri 0 - Tennessee 0
BOTTOM OF THE 1ST
Tennessee Volunteers batting - Pitching for Missouri Tigers : RHP Kenny Mills
Pitching: RHP Kenny Mills
Batting: RHB Bruce Carr 0-0: Ball
1-0: Called Strike
1-1: Foul Ball, location: 2F
1-2: Foul Ball, location: 2F
1-2: Foul Ball, location: 2F
1-2: Ball
2-2: Strikes out swinging
Batting: SHB Jared Calhoun 0-0: Fly out, F9 (Flyball, 9D)
Batting: LHB Alfredo Cantú 0-0: Called Strike
0-1: Called Strike
0-2: Ball
1-2: Ball
2-2: Foul Ball, location: 2F
2-2: Ball
3-2: Strikes out looking
Bottom of the 1st over - 0 runs, 0 hits, 0 errors, 0 left on base; Missouri 0 - Tennessee 0
TOP OF THE 2ND
Missouri Tigers batting - Pitching for Tennessee Volunteers : RHP Daniel Knight
Batting: RHB Beau McNeill 0-0: Ball
1-0: Called Strike
1-1: Ball
2-1: Called Strike
2-2: Ball
3-2: Ground out 1-3 (Groundball, 13)
Batting: SHB Marcos Cruz 0-0: Ball
1-0: Called Strike
1-1: Ball
2-1: Ball
3-1: Called Strike
3-2: Strikes out swinging, 2-3 out at first.
Batting: RHB Jack Robinson 0-0: Foul Ball, location: 2F
0-1: Ball
1-1: Ball
2-1: Foul Ball, location: 2F
2-2: Foul Ball, location: 2F
2-2: Strikes out looking
Top of the 2nd over - 0 runs, 0 hits, 0 errors, 0 left on base; Missouri 0 - Tennessee 0
BOTTOM OF THE 2ND
Tennessee Volunteers batting - Pitching for Missouri Tigers : RHP Kenny Mills
Batting: LHB Carl Coffman 0-0: Ball
1-0: Called Strike
1-1: Ball
2-1: Swinging Strike
2-2: Ball
3-2: Fly out, F7 (Flyball, 7)
Batting: LHB Tom McTier 0-0: SOLO HOME RUN (Flyball, 78XD), Distance : 384 ft
Batting: RHB Lorne McClain 0-0: Called Strike
0-1: Ball
1-1: Called Strike
1-2: Strikes out swinging
Batting: RHB Rodney Walker 0-0: SINGLE (Line Drive, 56D)
Batting: RHB Greg Carter 0-0: Ball
1-0: Swinging Strike
1-1: SINGLE (Line Drive, 8LS)
Rodney Walker to second
Runner from 2nd tries for 3rd, SAFE, no throw
Batting: RHB John Pickup 0-0: SINGLE (Line Drive, 3L)
Rodney Walker scores
Greg Carter to second
Runner from 2nd tries for 3rd, SAFE, no throw
Batting: RHB Bruce Carr 0-0: Ball
1-0: Called Strike
1-1: Ball
2-1: Called Strike
2-2: Foul Ball, location: 2F
2-2: Strikes out looking
Bottom of the 2nd over - 2 runs, 4 hits, 0 errors, 2 left on base; Missouri 0 - Tennessee 2
TOP OF THE 3RD
Missouri Tigers batting - Pitching for Tennessee Volunteers : RHP Daniel Knight
Batting: SHB David Castaneda 0-0: Fly out, F9 (Line Drive, 89M)
Batting: RHB Broderick Banks 0-0: Foul Ball, location: 2F
0-1: Ball
1-1: Foul Ball, location: 2F
1-2: Foul Ball, location: 2F
1-2: Strikes out swinging
Batting: LHB Julián Echevarría 0-0: Called Strike
0-1: Ball
1-1: Called Strike
1-2: Ball
2-2: Strikes out swinging
Top of the 3rd over - 0 runs, 0 hits, 0 errors, 0 left on base; Missouri 0 - Tennessee 2
BOTTOM OF THE 3RD
Tennessee Volunteers batting - Pitching for Missouri Tigers : RHP Kenny Mills
Batting: SHB Jared Calhoun 0-0: Ball
1-0: Called Strike
1-1: Ground out 4-3 (Groundball, 4)
Batting: LHB Alfredo Cantú 0-0: Ball
1-0: Swinging Strike
1-1: Ball
2-1: Ball
3-1: Base on Balls
Batting: LHB Carl Coffman 0-0: Called Strike
0-1: Foul Ball, location: 2F
0-2: Ball
1-2: Ball
2-2: Fly out, F5 (Popup, 5SF)
Batting: LHB Tom McTier 0-0: Fielders Choice at 2nd, 5-4 (Groundball, 5)
Bottom of the 3rd over - 0 runs, 0 hits, 0 errors, 1 left on base; Missouri 0 - Tennessee 2
TOP OF THE 4TH
Missouri Tigers batting - Pitching for Tennessee Volunteers : RHP Daniel Knight
Batting: RHB Harry Edwards 0-0: Ball
1-0: Ball
2-0: Foul Ball, location: 2F
2-1: SOLO HOME RUN (Flyball, 7LD), Distance : 334 ft
Batting: RHB Harvey Willis 0-0: Called Strike
0-1: Ball
1-1: Swinging Strike
1-2: Ball
2-2: Foul Ball, location: 2F
2-2: SINGLE (Line Drive, 34)
Batting: SHB Brian Fish 0-0: Called Strike
0-1: Ball
1-1: Foul Ball, location: 2F
1-2: Fielders Choice at 2nd, 6-4 (Groundball, 6)
Batting: RHB Beau McNeill 0-0: Ball
Brian Fish steals 2nd base
1-0: SINGLE (Line Drive, 89S)
Brian Fish to third
Batting: SHB Marcos Cruz 0-0: DOUBLE (Line Drive, 89D)
Brian Fish scores
Beau McNeill to third
Batting: RHB Jack Robinson 0-0: Ball
1-0: Reached on error, E3 (Groundball, 3)
Beau McNeill scores
Marcos Cruz to third
Batting: SHB David Castaneda 0-0: Called Strike
0-1: SINGLE (Groundball, 25) (infield hit)
Marcos Cruz scores
Jack Robinson to second
Batting: RHB Broderick Banks 0-0: Ball
1-0: Ball
2-0: Ball
3-0: Called Strike
3-1: Base on Balls
Jack Robinson to third
David Castaneda to second
Batting: LHB Julián Echevarría 0-0: Fly out, F9 (Flyball, 9S)
Batting: RHB Harry Edwards 0-0: Ball
1-0: Swinging Strike
1-1: Ball
2-1: Called Strike
2-2: Ball
3-2: Base on Balls
Jack Robinson scores
David Castaneda to third
Broderick Banks to second
Batting: RHB Harvey Willis 0-0: Ground out U3 (Groundball, 3)
Top of the 4th over - 5 runs, 5 hits, 1 error, 3 left on base; Missouri 5 - Tennessee 2
BOTTOM OF THE 4TH
Tennessee Volunteers batting - Pitching for Missouri Tigers : RHP Kenny Mills
Batting: RHB Lorne McClain 0-0: Foul Ball, location: 2F
0-1: Ground out 6-3 (Groundball, 6)
Batting: RHB Rodney Walker 0-0: Called Strike
0-1: Ball
1-1: Swinging Strike
1-2: Ball
2-2: Ball
3-2: Foul Ball, location: 2F
3-2: Foul Ball, location: 2F
3-2: Foul Ball, location: 2F
3-2: Strikes out looking
Batting: RHB Greg Carter 0-0: Ball
1-0: Ball
2-0: Ball
3-0: Called Strike
3-1: Base on Balls
Batting: RHB John Pickup 0-0: Ball
1-0: SINGLE (Line Drive, 3)
Greg Carter to second
Runner from 2nd tries for 3rd, SAFE, throw made to third
Batting: RHB Bruce Carr 0-0: Ball
1-0: Ball
2-0: Called Strike
2-1: TRIPLE (Flyball, 8RD)
Greg Carter scores
John Pickup scores
Batting: SHB Jared Calhoun 0-0: Foul Ball, location: 2F
0-1: Fly out, F9 (Flyball, 9)
Bottom of the 4th over - 2 runs, 2 hits, 0 errors, 1 left on base; Missouri 5 - Tennessee 4
TOP OF THE 5TH
Missouri Tigers batting - Pitching for Tennessee Volunteers : RHP Daniel Knight
Batting: SHB Brian Fish 0-0: Called Strike
0-1: Ball
1-1: Swinging Strike
1-2: Fly out, F8 (Flyball, 78D)
Batting: RHB Beau McNeill 0-0: Called Strike
0-1: Ball
1-1: Called Strike
1-2: Foul Ball, location: 2F
1-2: Foul Ball, location: 2F
1-2: Strikes out swinging
Batting: SHB Marcos Cruz 0-0: Ball
1-0: Called Strike
1-1: Foul Ball, location: 2F
1-2: Foul Ball, location: 2F
1-2: Strikes out swinging
Top of the 5th over - 0 runs, 0 hits, 0 errors, 0 left on base; Missouri 5 - Tennessee 4
BOTTOM OF THE 5TH
Tennessee Volunteers batting - Pitching for Missouri Tigers : RHP Kenny Mills
Batting: LHB Alfredo Cantú 0-0: SINGLE (Flyball, 7S)
Batting: LHB Carl Coffman 0-0: Called Strike
0-1: Ball
1-1: Foul Ball, location: 2F
1-2: DOUBLE (Line Drive, 9LM)
Alfredo Cantú to third
Runner from 3rd tries for Home, SAFE, no throw
Pitching: LHP Alfonso Cardenas
Batting: LHB Tom McTier 0-0: Fly out, F9 (Line Drive, 9)
Batting: RHB Lorne McClain 0-0: Ball
1-0: Ball
Wild Pitch!
Carl Coffman to third
2-0: Ball
3-0: Called Strike
3-1: Base on Balls
Batting: RHB Rodney Walker 0-0: Called Strike
0-1: Ball
1-1: Swinging Strike
1-2: Ball
2-2: Ball
3-2: SINGLE (Groundball, 4D)
Carl Coffman scores
Lorne McClain to second
Runner from 2nd tries for 3rd, SAFE, throw made to third
Batting: RHB Greg Carter 0-0: Ball
1-0: Ball
2-0: Foul Ball, location: 2F
2-1: Ball
3-1: Foul Ball, location: 2F
3-2: Strikes out swinging
Rodney Walker is caught stealing 2nd base
Batter strikes out.
Bottom of the 5th over - 2 runs, 3 hits, 0 errors, 1 left on base; Missouri 5 - Tennessee 6
TOP OF THE 6TH
Missouri Tigers batting - Pitching for Tennessee Volunteers : RHP Daniel Knight
Pitching: RHP Jeff Colón
Batting: RHB Jack Robinson 0-0: Ball
1-0: Called Strike
1-1: Swinging Strike
1-2: Ball
2-2: Ball
3-2: Foul Ball, location: 2F
3-2: Foul Ball, location: 2F
3-2: SINGLE (Groundball, 4M) (infield hit)
Batting: SHB David Castaneda 0-0: Fly out, F7 (Flyball, 7LMF)
Batting: RHB Broderick Banks 0-0: Ball
1-0: Ball
2-0: Foul Ball, location: 2F
2-1: Foul Ball, location: 2F
2-2: SINGLE (Groundball, 6MD)
Jack Robinson to second
Batting: LHB Julián Echevarría 0-0: Ball
1-0: Ball
2-0: Ball
3-0: Called Strike
3-1: Called Strike
3-2: Base on Balls
Jack Robinson to third
Broderick Banks to second
Batting: RHB Harry Edwards 0-0: Ball
1-0: Ball
2-0: Grounds into fielders choice 3-2 (Groundball, 3S)
Broderick Banks to third
Julián Echevarría to second
Batting: RHB Harvey Willis 0-0: Called Strike
0-1: Ball
1-1: Ball
2-1: Ground out 4-3 (Groundball, 4MS)
Top of the 6th over - 0 runs, 2 hits, 0 errors, 3 left on base; Missouri 5 - Tennessee 6
BOTTOM OF THE 6TH
Tennessee Volunteers batting - Pitching for Missouri Tigers : LHP Alfonso Cardenas
Batting: RHB John Pickup 0-0: Ball
1-0: Called Strike
1-1: SINGLE (Groundball, 6MD)
Batting: RHB Bruce Carr 0-0: Ball
1-0: Ball
2-0: Ball
3-0: Swinging Strike
3-1: Called Strike
3-2: Strikes out swinging
Batting: SHB Jared Calhoun 0-0: Ball
1-0: SINGLE (Flyball, 9LS)
John Pickup to second
Runner from 2nd tries for 3rd, SAFE, no throw
Batting: LHB Alfredo Cantú 0-0: Swinging Strike
0-1: Ball
1-1: Swinging Strike
1-2: Strikes out swinging
Batting: LHB Carl Coffman 0-0: SINGLE (Line Drive, 9LM)
John Pickup scores
Jared Calhoun to second
Batting: LHB Tom McTier 0-0: Ground out U3 (Groundball, 3)
Bottom of the 6th over - 1 run, 3 hits, 0 errors, 2 left on base; Missouri 5 - Tennessee 7
TOP OF THE 7TH
Missouri Tigers batting - Pitching for Tennessee Volunteers : RHP Jeff Colón
Batting: SHB Brian Fish 0-0: Ground out 5-3 (Groundball, 56)
Batting: RHB Beau McNeill 0-0: Called Strike
0-1: Ground out 4-3 (Groundball, 4)
Batting: SHB Marcos Cruz 0-0: Called Strike
0-1: Foul Ball, location: 2F
0-2: Ball
1-2: Foul Ball, location: 2F
1-2: Foul Ball, location: 2F
1-2: Strikes out swinging
Top of the 7th over - 0 runs, 0 hits, 0 errors, 0 left on base; Missouri 5 - Tennessee 7
BOTTOM OF THE 7TH
Tennessee Volunteers batting - Pitching for Missouri Tigers : LHP Alfonso Cardenas
Batting: RHB Lorne McClain 0-0: Called Strike
0-1: Ball
1-1: Ball
2-1: Ball
3-1: Foul Ball, location: 2F
3-2: Foul Ball, location: 2F
3-2: Base on Balls
Batting: RHB Rodney Walker 0-0: SINGLE (Flyball, 78S)
Lorne McClain to second
Lorne McClain to third
Batting: RHB Greg Carter 0-0: Ball
1-0: Called Strike
1-1: Foul Ball, location: 2F
1-2: Ball
2-2: SINGLE (Line Drive, 78S)
Lorne McClain scores
Rodney Walker to second
Pitching: RHP Ben Crochers
Batting: RHB John Pickup 0-0: Ball
1-0: Sac Bunt - play at first, batter OUT! 2-3
Rodney Walker to third
Greg Carter to second
Batting: RHB Bruce Carr 0-0: Ball
1-0: Ball
2-0: Called Strike
2-1: Foul Ball, location: 2F
2-2: TRIPLE (Line Drive, 9D)
Rodney Walker scores
Greg Carter scores
Batting: SHB Jared Calhoun 0-0: Ball
1-0: SINGLE (Groundball, 34D)
Bruce Carr scores
Batting: LHB Alfredo Cantú 0-0: Fly out, F8 (Flyball, 8RM)
Batting: LHB Carl Coffman 0-0: Ball
1-0: Foul Ball, location: 2F
1-1: Ball
2-1: Ball
3-1: Base on Balls
Jared Calhoun to second
Batting: LHB Tom McTier 0-0: Fly out, F5 (Popup, 5SF)
Bottom of the 7th over - 4 runs, 4 hits, 0 errors, 2 left on base; Missouri 5 - Tennessee 11
TOP OF THE 8TH
Missouri Tigers batting - Pitching for Tennessee Volunteers : RHP Jeff Colón
Now in CF: Chris Harper
Batting: RHB Jack Robinson 0-0: SINGLE (Flyball, 78S)
Batting: SHB David Castaneda 0-0: Called Strike
0-1: Swinging Strike
0-2: Strikes out swinging
Batting: RHB Broderick Banks 0-0: Swinging Strike
0-1: Called Strike
0-2: Foul Ball, location: 2F
0-2: Strikes out looking
Batting: LHB Julián Echevarría 0-0: Ball
1-0: Ball
2-0: Ball
3-0: Called Strike
3-1: Base on Balls
Jack Robinson to second
Batting: RHB Harry Edwards 0-0: Foul Ball, location: 2F
0-1: Ball
1-1: Foul Ball, location: 2F
1-2: Ball
2-2: Ball
3-2: Base on Balls
Jack Robinson to third
Julián Echevarría to second
Batting: RHB Harvey Willis 0-0: Swinging Strike
0-1: Ground out 4-3 (Groundball, 4)
Top of the 8th over - 0 runs, 1 hit, 0 errors, 3 left on base; Missouri 5 - Tennessee 11
BOTTOM OF THE 8TH
Tennessee Volunteers batting - Pitching for Missouri Tigers : RHP Ben Crochers
Batting: RHB Lorne McClain 0-0: Swinging Strike
0-1: Foul Ball, location: 2F
0-2: Ball
1-2: Strikes out swinging
Batting: RHB Rodney Walker 0-0: Ball
1-0: Called Strike
1-1: Ball
2-1: Foul Ball, location: 2F
2-2: Ball
3-2: Ground out 6-3 (Groundball, 6)
Batting: RHB Greg Carter 0-0: Ball
1-0: Called Strike
1-1: Foul Ball, location: 2F
1-2: Fly out, F4 (Popup, 23)
Bottom of the 8th over - 0 runs, 0 hits, 0 errors, 0 left on base; Missouri 5 - Tennessee 11
TOP OF THE 9TH
Missouri Tigers batting - Pitching for Tennessee Volunteers : RHP Jeff Colón
Batting: SHB Brian Fish 0-0: Called Strike
0-1: Fly out, F4 (Line Drive, 4)
Batting: RHB Beau McNeill 0-0: Called Strike
0-1: Fly out, F4 (Line Drive, 4)
Batting: SHB Marcos Cruz 0-0: Ball
1-0: Ball
2-0: Called Strike
2-1: Foul Ball, location: 2F
2-2: Ball
3-2: SINGLE (Groundball, 34D)
Batting: RHB Jack Robinson 0-0: Ball
1-0: Swinging Strike
1-1: Ball
2-1: Fly out, F7 (Flyball, 7)
Top of the 9th over - 0 runs, 1 hit, 0 errors, 1 left on base; Missouri 5 - Tennessee 11
Saturday, December 16th, 2017 - OOTP Baseball 18.8 Build 76